 Dungeon Crawl Stone Soup version 0.30-a0-737-gf23d94013f (webtiles) character file.

Game seed: 12712347706024103671

762 demibob the Cleaver (level 7, 0/85 HPs)
             Began as a Hill Orc Fighter on Feb 1, 2023.
             Was a Follower of the Shining One.
             Slain by an orc
             ... wielding a +0 trident
              (4 damage)
             ... on level 6 of the Dungeon.
             The game lasted 00:05:13 (3738 turns).

demibob the Cleaver (Hill Orc Fighter)              Turns: 3738, Time: 00:05:13

Health: 0/85       AC: 23    Str: 21    XL:     7   Next: 81%
Magic:  7/7        EV:  2    Int:  8    God:    the Shining One [*.....]
Gold:   176        SH:  5    Dex: 10    Spells: 6/6 levels left

rFire   . . .      SeeInvis .    a - +0 war axe (flame)
rCold   . . .      Faith    .    (no shield)
rNeg    . . .      Spirit   .    (body armour currently unavailable)
rPois   +          Reflect  +    (helmet currently unavailable)
rElec   .          Harm     .    (cloak currently unavailable)
rCorr   .          Rampage  .    (gloves currently unavailable)
Will    +....      NoTele   +    (boots currently unavailable)
Stlth   +                        o - amulet of reflection
HPRegen 0.34/turn                W - ring of willpower
MPRegen 0.10/turn                (no ring)

@: tree-form, glowing, invisible (but backlit and visible)
A: stationary, stasis, torment immunity, boosted hp, (deformed body), subdued
magic 1
a: Renounce Religion, Divine Shield


You were on level 6 of the Dungeon.
You worshipped the Shining One.
The Shining One was aware of your devotion.
You were a tree.
You visited 1 branch of the dungeon, and saw 6 of its levels.

You collected 176 gold pieces.


Innate Abilities, Weirdness & Mutations

You are a tree.
Your roots penetrate the ground, keeping you stationary.
You cannot be teleported.
You are immune to unholy pain and torment.
Your maximum health is greatly increased.
Your equipment is partially melded.
((Armour fits poorly on your strangely shaped body.))
Your spells are a little easier to cast, but a little less powerful.


   Skills:
 - Level 3.6 Fighting
 + Level 11.2 Axes
 - Level 3.2 Armour
 - Level 3.2 Shields


You had 6 spell levels left.
You didn't know any spells.
Your spell library contained the following spells:

 Spells                   Type           Power      Damage    Failure   Level
 Cigotuvi's Dreadful Rot  Necr/Pois/Air  0%         N/A       50%         2
 Poisonous Vapours        Pois/Air       0%         N/A       50%         2
 Mephitic Cloud           Conj/Pois/Air  0%         N/A       75%         3
 Vhi's Electric Charge    Tloc/Air       0%         N/A       75%         3
 Dispel Undead            Necr           0%         3d6       99%         4
 Arcjolt                  Conj/Air       0%         1d10      100%        5
 Death Channel            Necr           0%         N/A       100%        6
 Maxwell's Capacitive Co  Air            0%         ∞         100%        8

Inventory:

Hand Weapons
 a - a +0 war axe of flaming (weapon)
Armour
 b - a +0 scale mail (melded)
Jewellery
 k - an amulet of guardian spirit
 l - the amulet of Owuam {Acrobat Harm rPois rC++ rCorr Dex-5}
   (You found it on level 4 of the Dungeon)

   [amulet of the acrobat]

   It increases your evasion while moving and waiting.
   Dex:       It affects your dexterity (-5).
   rC:        It greatly protects you from cold.
   rPois:     It protects you from poison.
   rCorr:     It protects you from acid and corrosion.
   Harm:      It increases damage dealt and taken.
 o - an amulet of reflection (around neck)
 W - a ring of willpower (left branch)
Scrolls
 e - 3 scrolls of immolation
Potions
 g - 3 potions of ambrosia
 h - a potion of magic

Dungeon Overview and Level Annotations

Branches:
Dungeon (6/15)
 Temple: D:4-7

Altars:
Ashenzari
Fedhas
Hepliaklqana
Okawaru
Trog
Yredelemnul
The Shining One

Annotations:
D:5 exclusion: 2 doors

#######
##.....##
#.#..o)...##
#..o)♣....#
+...⌠..o..⌠.+
#.>.........#
#.....⌠.⌠...#
##..#.....###
#..##....#
... #....# ..
+.<..#


You could see an orc wizard and 2 orcs.


Message History

* * * LOW HITPOINT WARNING * * *
The orc hits you from afar with a +0 trident.
* * * LOW HITPOINT WARNING * * *
The orc barely misses you.
The orc wizard hits you but does no damage.
You block the orc's attack.
It was a potion of flight.
Your roots keep you in place.
You block the shadow imp's attack. You block the orc's attack.
The orc hits you but does no damage. x2
The orc wizard hits you but does no damage.
The orc hits you but does no damage.
You cannot move.
You hit the orc but do no damage. You slash the orc! You burn the orc.
You kill the orc!
You hit the orc but do no damage. You hit the shadow imp.
You burn the shadow imp. You completely miss the orc wizard.
You block the shadow imp's attack. The orc hits you but does no damage.
The orc barely misses you.
The orc wizard hits you but does no damage.
The orc hits you but does no damage.
You slash the orc! You burn the orc.
You kill the orc!
You slash the shadow imp! You burn the shadow imp.
You kill the shadow imp!
The Shining One accepts your kill.
You hit the orc wizard. You burn the orc wizard. You hit the orc.
You burn the orc.
The orc wizard hits you but does no damage.
The orc hits you from afar with a +0 trident.
You die...

Skill      XL: |  1  2  3  4  5  6  7 |
---------------+----------------------+-----
Axes           | 3 4 5 7 8 10 11 | 11.2
Fighting       | |  3.6
Armour         | |  3.2
Shields        | |  3.2

Action                     |  1- 3 |  4- 6 |  7- 9 || total
---------------------------+-------+-------+-------++-------
  Melee: War axe           |   112 |    94 |    33 ||   239
         Punch             |     2 |       |     1 ||     3
    Use: Scroll            |     2 |     5 |     1 ||     8
         Potion            |       |     1 |     7 ||     8
 Armour: Scale mail        |    42 |    39 |     4 ||    85
         Skin              |       |       |    11 ||    11
  Dodge: Dodged            |    63 |    40 |    27 ||   130
  Block: Other             |       |    18 |    16 ||    34
         Reflection        |       |     1 |       ||     1

Levels and vault maps discovered:
D:1:      lemuel_arrival_rhombus, layout_basic, minmay_octomino_e4
D:2:      layout_loops_ring
D:3:      layout_basic, mainiacjoe_overflow_tiny_flanked
D:4:      layout_rooms, minitemple, mainiacjoe_overflow_boulevard
D:5:      cheibrodos_two_vegetables, layout_loops_cross, lemuel_tele_altar,
          gammafunk_ghost_smash
D:6:      layout_gridville, serial_shops, nicolae_shop_stone, grunt_ministairs_9

Notes
Turn   | Place    | Note
-------+----------+-------------------------------------------
     0 | D:1      | demibob the Hill Orc Fighter began the quest for the Orb.
     0 | D:1      | Reached XP level 1. HP: 19/19 MP: 1/1
    26 | D:1      | Reached skill level 3 in Axes
    82 | D:1      | Reached XP level 2. HP: 26/26 MP: 2/2
   289 | D:1      | Reached skill level 4 in Axes
   379 | D:1      | Reached XP level 3. HP: 24/31 MP: 3/3
   817 | D:1      | Reached skill level 5 in Axes
  1379 | D:2      | Reached XP level 4. HP: 35/39 MP: 4/4
  1910 | D:3      | Found a glowing golden altar of the Shining One.
  1937 | D:3      | Became a worshipper of the Shining One
  2183 | D:3      | Reached skill level 6 in Axes
  2539 | D:4      | Reached skill level 7 in Axes
  2539 | D:4      | Reached XP level 5. HP: 45/45 MP: 5/5
  2612 | D:4      | Found a bloodstained altar of Trog.
  2679 | D:4      | Identified the amulet of Owuam {Acrobat Harm rPois rC++
                  | rCorr Dex-5}
  2714 | D:4      | Noticed an ogre
  2719 | D:4      | Killed an ogre
  2720 | D:4      | Reached skill level 8 in Axes
  2720 | D:4      | Reached XP level 6. HP: 51/51 MP: 6/6
  2753 | D:4      | Found an iron altar of Okawaru.
  2754 | D:4      | Found a basalt altar of Yredelemnul.
  2755 | D:4      | Found a hazy altar of Hepliaklqana.
  2755 | D:4      | Found a broken altar of Ashenzari.
  2755 | D:4      | Found a blossoming altar of Fedhas.
  3101 | D:5      | Entered Level 5 of the Dungeon
  3182 | D:5      | Reached skill level 9 in Axes
  3217 | D:5      | Noticed an orc warrior
  3227 | D:5      | Killed an orc warrior
  3228 | D:5      | Reached skill level 10 in Axes
  3228 | D:5      | Reached XP level 7. HP: 24/57 MP: 7/7
  3530 | D:5      | Noticed a steam dragon
  3540 | D:5      | Killed a steam dragon
  3541 | D:5      | Reached skill level 11 in Axes
  3704 | D:5      | Reached * piety under the Shining One
  3710 | D:5      | >>lmao what an idiot i am
  3734 | D:6      | HP: 8/85 [orc wizard/+0 dagger of venom (2)]
  3735 | D:6      | Gained mutation: Armour fits poorly on your strangely
                  | shaped body. [potion of mutation]
  3735 | D:6      | Gained mutation: Your spells are a little easier to cast,
                  | but a little less powerful. [potion of mutation]
  3735 | D:6      | HP: 3/85 [orc/+0 trident (1)]
  3738 | D:6      | Slain by an orc

Vanquished Creatures
  A steam dragon (D:5)
  An orc warrior (D:5)
  An ogre (D:4)
  A bullfrog (D:5)
  A scorpion (D:5)
  2 hounds (D:5)
  A gnoll bouda (D:5)
  2 iguanas (D:5)
  3 orc wizards
  A gnoll (D:5)
  An adder (D:3)
  A shadow imp (D:6)
  An ufetubus (D:4)
  7 dart slugs
  16 orcs
  4 ball pythons
  7 endoplasms
  2 giant cockroaches
  9 goblins
  3 hobgoblins (D:1)
  10 kobolds
  4 quokkas
  4 bats
  4 frilled lizards
  4 rats
91 creatures vanquished.

Vanquished Creatures (others)
  5 plants
5 creatures vanquished.

Grand Total: 96 creatures vanquished

Table legend: (Time is in decaauts)
 A = Elapsed time spent in this place.
 B = Non-inter-level travel time spent in this place.
 C = Inter-level travel time spent in this place.
 D = Time resting spent in this place.
 E = Time spent auto-exploring this place.
 F = Levels seen in this place.
 G = Mean time per level.
                   A        B        C        D        E       F      G
               +--------+--------+--------+--------+--------+-----+--------+
         Total |   3799 |   3692 |    107 |    217 |   2782 |   6 |  633.2 |
       Dungeon |   3799 |   3692 |    107 |    217 |   2782 |   6 |  633.2 |
               +--------+--------+--------+--------+--------+-----+--------+

Top non-repeatable levels by time:
     D:1: 1020 daAuts
     D:3: 841 daAuts
     D:2: 662 daAuts
     D:5: 648 daAuts
     D:4: 619 daAuts
     D:6: 6 daAuts

Table legend:
 A = Non-vault XP
 B = Vault XP
 C = Vault XP percentage of total XP
 D = Non-vault monster count
 E = Vault monster count
 F = Vault count percentage of total count
                 A         B        C        D         E       F
            +---------+---------+-------+---------+---------+-------
      Total |     871 |     232 |  21.0 |      82 |       9 |   9.9
            +---------+---------+-------+---------+---------+-------
        D:1 |      48 |       5 |   9.4 |      22 |       3 |  12.0
        D:2 |      35 |       0 |   0.0 |      19 |       0 |   0.0
        D:3 |      66 |       0 |   0.0 |      11 |       0 |   0.0
        D:4 |     232 |       0 |   0.0 |      18 |       0 |   0.0
        D:5 |     490 |     210 |  30.0 |      12 |       3 |  20.0
        D:6 |       0 |      17 | 100.0 |       0 |       3 | 100.0
            +---------+---------+-------+---------+---------+-------
